WINNIPEG vs DALLAS

Created - July 3, 2021 at 09:22

Goals
1 2 3 T
WINNIPEG 4 2 1 7
DALLAS 1 0 0 1
Shots
1 2 3 T
WINNIPEG 15 13 6 34
DALLAS 5 2 8 15

1st period

1. WINNIPEG , J.T. Miller 1 (Alexander Edler 3, Loui Eriksson 1) at 0:18
2. DALLAS , Evgenii Dadonov 1 (Brady Skjei 3, Alex Tuch 3) at 3:06 (PP)
3. WINNIPEG , Alex Ovechkin 3 (Sidney Crosby 2) at 8:06
4. WINNIPEG , Patrick Kane 6 (Chris Tanev 4, Patric Hornqvist 1) at 10:18
5. WINNIPEG , Sidney Crosby 4 (Alex Ovechkin 6, Dan Hamhuis 2) at 15:14

Penalties :
Alex Ovechkin (WPG) for Hooking (Minor) at 2:18, Charlie McAvoy (DAL) for Hooking (Minor) at 12:53

2nd period

6. WINNIPEG , Sidney Crosby 5 (Alex Ovechkin 7, Alexander Edler 4) at 13:08 (PP)
7. WINNIPEG , Patrick Kane 7 (Patric Hornqvist 2, Jay Beagle 7) at 17:21

Penalties :
Kasperi Kapanen (DAL) for Hooking (Minor) at 6:05, Adam Boqvist (DAL) for Cross-checking (Minor) at 11:47

3rd period

8. WINNIPEG , Alex Ovechkin 4 (Sidney Crosby 3, Chris Tanev 5) at 8:19

Penalties :
Antoine Roussel (WPG) for Roughing (Minor) at 12:55

Goalie Stats

Connor Hellebuyck (WPG), 14 saves from 15 shots - (0.933), W, 5-1-0, 60:00 minutes
Marc-Andre Fleury (DAL), 27 saves from 34 shots - (0.794), L, 4-4-0, 60:00 minutes

Players Stats for WINNIPEG

Player Name              G  A  P  +/- PIM S  H  SB GA TA FO     MP     PP MP  PK MP  
------------------------------------------------------------------------------------
Alex Biega               0  0  0   2  0   0  0  1  0  0  0/0     5:00   0:00   0:00 
Alex Ovechkin            2  2  4   3  2   6  2  0  0  0  1/2    19:38   2:34   0:00 
Alexander Edler          0  2  2   2  0   1  2  3  0  0  0/0    22:06   2:49   1:34 
Antoine Roussel          0  0  0   2  2   0  0  0  0  0  0/0    14:01   0:00   0:16 
Chris Tanev              0  2  2   2  0   0  2  3  0  0  0/0    20:57   2:30   0:39 
Dan Hamhuis              0  1  1   2  0   0  0  0  0  0  0/0     5:48   0:00   0:48 
Gustav Forsling          0  0  0   2  0   1  0  0  0  0  0/0    17:43   0:00   0:00 
J.T. Miller              1  0  1   1  0   7  3  0  0  0  10/20  21:25   2:45   0:00 
Jay Beagle               0  1  1   2  0   0  1  0  0  0  10/17  17:45   0:00   1:36 
Jonah Gadjovich          0  0  0   0  0   0  0  0  0  0  0/0     0:00   0:00   0:00 
Justin Braun             0  0  0   0  0   1  1  2  0  0  0/0    15:32   2:49   1:20 
Loui Eriksson            0  1  1   1  0   3  1  0  0  0  0/0    19:26   0:00   0:00 
Marcus Pettersson        0  0  0   2  0   2  3  0  0  0  0/0    20:57   2:30   0:39 
Nic Dowd                 0  0  0   0  0   0  0  0  0  0  0/0     0:34   0:00   0:34 
Oscar Fantenberg         0  0  0   0  0   1  0  1  0  0  0/0    11:57   0:00   0:34 
Patric Hornqvist         0  2  2   2  0   1  2  0  0  0  1/3    18:41   2:34   0:00 
Patrick Kane             2  0  2   3  0   7  0  0  0  0  0/1    22:59   2:45   1:02 
Sidney Crosby            2  2  4   3  0   3  1  0  0  0  13/25  20:22   2:34   1:11 
Tyler Toffoli            0  0  0   1  0   1  0  0  0  0  0/0    22:20   2:45   0:55 
Zack MacEwen             0  0  0   0  0   0  0  0  0  0  0/0     0:00   0:00   0:00 

Players Stats for DALLAS

Player Name              G  A  P  +/- PIM S  H  SB GA TA FO     MP     PP MP  PK MP  
------------------------------------------------------------------------------------
Adam Boqvist             0  0  0  -2  2   0  1  0  0  0  0/0    17:11   0:24   1:02 
Adam Lowry               0  0  0  -1  0   0  1  0  0  0  8/14   15:11   0:00   2:42 
Alex Tuch                0  1  1  -1  0   1  0  0  0  0  0/2    14:46   1:34   0:43 
Auston Matthews          0  0  0  -3  0   1  0  0  0  0  10/26  20:21   1:13   1:40 
Brady Skjei              0  1  1  -1  0   0  1  0  0  0  0/0    22:25   1:29   2:12 
Charlie McAvoy           0  0  0  -3  2   0  3  1  0  0  0/0    21:44   1:29   1:40 
Evgenii Dadonov          1  0  1  -3  0   2  0  0  0  0  0/0    18:24   0:56   0:00 
Ilya Mikheyev            0  0  0  -1  0   3  0  0  0  0  0/0    12:29   0:00   0:00 
Jakob Chychrun           0  0  0  -3  0   1  0  1  0  0  0/0    21:12   0:54   2:54 
Jason Spezza             0  0  0  -1  0   0  0  0  0  0  1/1     9:35   1:01   0:57 
Kasperi Kapanen          0  0  0  -1  2   2  0  0  0  0  0/0    14:19   0:00   0:00 
Kirby Dach               0  0  0  -1  0   0  0  1  0  0  2/10    7:37   0:00   0:00 
Lawson Crouse            0  0  0  -1  0   1  2  0  0  0  1/1     9:17   0:00   1:40 
Mikko Rantanen           0  0  0  -1  0   1  0  0  0  0  10/12  15:54   1:34   0:00 
Nikita Zaitsev           0  0  0  -2  0   0  2  4  0  0  0/0    17:31   0:00   2:25 
Quinn Hughes             0  0  0  -1  0   0  1  0  0  0  0/0    19:40   1:18   0:10 
Timo Meier               0  0  0  -1  0   1  0  0  0  0  1/1    18:44   1:13   3:11 
Travis Konecny           0  0  0  -3  0   2  1  0  0  0  0/1    18:18   0:50   0:00 

3 Stars

1 - Sidney Crosby (WPG)
2 - Alex Ovechkin (WPG)
3 - Patrick Kane (WPG)

Power Play

WINNIPEG - 1 on 3 Attempt(s) - 33.33%
DALLAS - 1 on 2 Attempt(s) - 50.00%

Penalty Kill

WINNIPEG - 1 on 2 Attempt(s) - 50.00% - Score 0 goal in Penalty Kill
DALLAS - 2 on 3 Attempt(s) - 66.67% - Score 0 goal in Penalty Kill

Team Stat

WINNIPEG - Hits : 18 - Faceoff Wins : 35 - Blocked Shots : 10 - Penalty Minutes : 4
DALLAS - Hits : 12 - Faceoff Wins : 33 - Blocked Shots : 7 - Penalty Minutes : 6

Official

Referees : Dan O'Halloran and Chris Rooney
Linesman : Kyle Larson and T.J. McCarthy

Game Notes

No Game Note

Finance

Level 1 -- Attendance: 5238 (87.30%) -- Ticket Income $523,800
Level 2 -- Attendance: 4042 (80.84%) -- Ticket Income $323,360
Level 3 -- Attendance: 1311 (65.55%) -- Ticket Income $78,660
Level 4 -- Attendance: 3063 (76.58%) -- Ticket Income $91,890
Luxury Box -- Attendance: 1000 (100.00%) -- Ticket Income $120,000
Game was played at the American Airlines Center.
Total Attendance: 14654 (81.41%)
Total Ticket Income: $1,137,710
Total Income: $1,137,710

WINNIPEG

5 vs 5 Forward 
   Center                   Left Wing                Right Wing               Time % Phy DF OF 
 1 J.T. Miller              Tyler Toffoli            Loui Eriksson            35     0   2  3  
 2 Jay Beagle               Patrick Kane             Patric Hornqvist         33     0   2  3  
 3 Sidney Crosby            Antoine Roussel          Alex Ovechkin            22     1   2  2  
 4 Sidney Crosby            Patrick Kane             Alex Ovechkin            10     1   2  2  

5 vs 5 Defense 
   Defense                  Defense                                           Time % Phy DF OF 
 1 Alexander Edler          Gustav Forsling                                   38     1   2  2  
 2 Chris Tanev              Marcus Pettersson                                 38     1   2  2  
 3 Oscar Fantenberg         Justin Braun                                      24     1   2  2  
 4 Alex Biega               Dan Hamhuis                                       0      1   2  2  

PowerPlay Forward 
   Center                   Left Wing                Right Wing               Time % Phy DF OF 
 1 Sidney Crosby            Alex Ovechkin            Patric Hornqvist         60     1   2  2  
 2 J.T. Miller              Patrick Kane             Tyler Toffoli            40     1   2  2  

PowerPlay Defense
   Defense                  Defense                                           Time % Phy DF OF 
 1 Alexander Edler          Justin Braun                                      60     1   2  2  
 2 Chris Tanev              Marcus Pettersson                                 40     1   2  2  

Penalty Kill 4 Players Forward 
   Center                   Wing                     Time % Phy DF OF 
 1 Jay Beagle               Tyler Toffoli            60     1   2  2  
 2 Sidney Crosby            J.T. Miller              40     1   2  2  

Penalty Kill 4 Players Defense
   Defense                  Defense                  Time % Phy DF OF 
 1 Alexander Edler          Justin Braun             60     1   2  2  
 2 Chris Tanev              Marcus Pettersson        40     1   2  2  

Penalty Kill - 3 Players Forward 
   Forward                                           Time % Phy DF OF 
 1 Jay Beagle                                        60     1   2  2  
 2 Sidney Crosby                                     40     1   2  2  

Penalty Kill - 3 Players Defense
   Defense                  Defense                  Time % Phy DF OF 
 1 Alexander Edler          Justin Braun             60     1   2  2  
 2 Chris Tanev              Marcus Pettersson        40     1   2  2  

4 vs 4 Forward 
   Center                   Wing                     Time % Phy DF OF 
 1 J.T. Miller              Patrick Kane             60     1   2  2  
 2 Sidney Crosby            Alex Ovechkin            40     1   2  2  

4 vs 4 Defense
   Defense                  Defense                  Time % Phy DF OF 
 1 Alexander Edler          Justin Braun             60     1   2  2  
 2 Chris Tanev              Marcus Pettersson        40     1   2  2  

Last Minutes Offensive
   Center                   Left Wing                Right Wing               Defense                  Defense                  
   Sidney Crosby            Alex Ovechkin            J.T. Miller              Tyler Toffoli            Patrick Kane             

Last Minutes Defensive
   Center                   Left Wing                Right Wing               Defense                  Defense                  
   Sidney Crosby            Alex Ovechkin            J.T. Miller              Alexander Edler          Chris Tanev              

Goaltenders
Starting : Connor Hellebuyck        
Backup : Louis Domingue           

Extra Forwards
Normal : Patric Hornqvist, Loui Eriksson, Antoine Roussel - PP : Patric Hornqvist, Loui Eriksson - PK : Antoine Roussel
Extra Defensemen
Normal : Jonah Gadjovich, Oscar Fantenberg, Dan Hamhuis - PP : Jonah Gadjovich - PK : Oscar Fantenberg, Dan Hamhuis
Penalty Shots
Alex Ovechkin, Patrick Kane, Sidney Crosby, J.T. Miller, Tyler Toffoli

Scratches
None

DALLAS

5 vs 5 Forward 
   Center                   Left Wing                Right Wing               Time % Phy DF OF 
 1 Auston Matthews          Travis Konecny           Evgenii Dadonov          36     0   1  4  
 2 Mikko Rantanen           Timo Meier               Kasperi Kapanen          30     1   1  3  
 3 Adam Lowry               Alex Tuch                Ilya Mikheyev            24     1   2  2  
 4 Kirby Dach               Jason Spezza             Lawson Crouse            10     1   2  2  

5 vs 5 Defense 
   Defense                  Defense                                           Time % Phy DF OF 
 1 Charlie McAvoy           Jakob Chychrun                                    34     1   1  3  
 2 Quinn Hughes             Brady Skjei                                       33     1   1  3  
 3 Adam Boqvist             Nikita Zaitsev                                    23     1   2  2  
 4 Charlie McAvoy           Brady Skjei                                       10     1   1  3  

PowerPlay Forward 
   Center                   Left Wing                Right Wing               Time % Phy DF OF 
 1 Auston Matthews          Timo Meier               Travis Konecny           55     0   1  4  
 2 Mikko Rantanen           Evgenii Dadonov          Alex Tuch                45     0   1  4  

PowerPlay Defense
   Defense                  Defense                                           Time % Phy DF OF 
 1 Quinn Hughes             Jakob Chychrun                                    60     1   1  3  
 2 Charlie McAvoy           Brady Skjei                                       40     1   1  3  

Penalty Kill 4 Players Forward 
   Center                   Wing                     Time % Phy DF OF 
 1 Adam Lowry               Timo Meier               60     0   4  1  
 2 Auston Matthews          Lawson Crouse            40     0   4  1  

Penalty Kill 4 Players Defense
   Defense                  Defense                  Time % Phy DF OF 
 1 Charlie McAvoy           Jakob Chychrun           50     1   4  0  
 2 Brady Skjei              Nikita Zaitsev           50     1   4  0  

Penalty Kill - 3 Players Forward 
   Forward                                           Time % Phy DF OF 
 1 Adam Lowry                                        60     0   5  0  
 2 Lawson Crouse                                     40     0   5  0  

Penalty Kill - 3 Players Defense
   Defense                  Defense                  Time % Phy DF OF 
 1 Brady Skjei              Charlie McAvoy           60     0   5  0  
 2 Nikita Zaitsev           Jakob Chychrun           40     0   5  0  

4 vs 4 Forward 
   Center                   Wing                     Time % Phy DF OF 
 1 Auston Matthews          Travis Konecny           60     1   1  3  
 2 Mikko Rantanen           Timo Meier               40     1   2  2  

4 vs 4 Defense
   Defense                  Defense                  Time % Phy DF OF 
 1 Charlie McAvoy           Brady Skjei              60     1   1  3  
 2 Quinn Hughes             Jakob Chychrun           40     1   2  2  

Last Minutes Offensive
   Center                   Left Wing                Right Wing               Defense                  Defense                  
   Auston Matthews          Mikko Rantanen           Timo Meier               Charlie McAvoy           Quinn Hughes             

Last Minutes Defensive
   Center                   Left Wing                Right Wing               Defense                  Defense                  
   Adam Lowry               Timo Meier               Lawson Crouse            Charlie McAvoy           Brady Skjei              

Goaltenders
Starting : Marc-Andre Fleury        
Backup : Ilya Samsonov            

Extra Forwards
Normal : Mikko Rantanen, Auston Matthews, Timo Meier - PP : Mikko Rantanen, Auston Matthews - PK : Adam Lowry
Extra Defensemen
Normal : Charlie McAvoy, Jakob Chychrun, Brady Skjei - PP : Charlie McAvoy - PK : Brady Skjei, Charlie McAvoy
Penalty Shots
Mikko Rantanen, Jason Spezza, Auston Matthews, Charlie McAvoy, Alex Tuch

Scratches
Vladimir Sobotka (Healthy), Stefan Noesen (Healthy), Denis Gurianov (Healthy)

% Time on Ice - WINNIPEG

Lines # - Real PCT - Wanted PCT - Time Play
Normal Forward
1 - 36% - 35% - 18:40
2 - 31% - 33% - 16:09
3 - 27% - 22% - 13:46
4 - 6% - 10% - 3:19
Normal Defense
1 - 34% - 38% - 17:43
2 - 34% - 38% - 17:48
3 - 22% - 24% - 11:23
4 - 10% - 0% - 5:00
PP Forward
1 - 48% - 60% - 2:34
2 - 52% - 40% - 2:45
PP Defense
1 - 53% - 60% - 2:49
2 - 47% - 40% - 2:30
PK Forward
1 - 100% - 60% - 2:47
2 - 0% - 40% - 0:00
PK Defense
1 - 77% - 60% - 2:08
2 - 23% - 40% - 0:39
PK3 Forward
1 - 0% - 60%
2 - 0% - 40%
PK3 Defense
1 - 0% - 60%
2 - 0% - 40%
44 Forward
1 - 0% - 60%
2 - 0% - 40%
44 Defense
1 - 0% - 60%
2 - 0% - 40%
Last Minute Offensive  - 0:00
Last Minute Defensive  - 0:00
Total
Forward - 60:00
Defense - 60:00

% Time on Ice - DALLAS

Lines # - Real PCT - Wanted PCT - Time Play
Normal Forward
1 - 34% - 36% - 17:28
2 - 28% - 30% - 14:20
3 - 24% - 24% - 12:29
4 - 15% - 10% - 7:37
Normal Defense
1 - 34% - 34% - 17:24
2 - 34% - 33% - 17:32
3 - 30% - 23% - 15:46
4 - 2% - 10% - 1:12
PP Forward
1 - 44% - 55% - 1:13
2 - 56% - 45% - 1:34
PP Defense
1 - 47% - 60% - 1:18
2 - 53% - 40% - 1:29
PK Forward
1 - 69% - 60% - 3:39
2 - 31% - 40% - 1:40
PK Defense
1 - 55% - 50% - 2:54
2 - 45% - 50% - 2:25
PK3 Forward
1 - 0% - 60%
2 - 0% - 40%
PK3 Defense
1 - 0% - 60%
2 - 0% - 40%
44 Forward
1 - 0% - 60%
2 - 0% - 40%
44 Defense
1 - 0% - 60%
2 - 0% - 40%
Last Minute Offensive  - 0:00
Last Minute Defensive  - 0:00
Total
Forward - 60:00
Defense - 60:00

Play-by-Play

1st period


0:01 of 1st period - Auston Matthews wins face-off versus J.T. Miller in neutral zone.
0:14 of 1st period - Shot by J.T. Miller.
0:14 of 1st period - Shot Misses the Net.
0:16 of 1st period - Shot by Alexander Edler.
0:16 of 1st period - Shot Misses the Net.
0:18 of 1st period - Shot by J.T. Miller.
0:18 of 1st period - Goal by J.T. Miller - WINNIPEG : 1 - DALLAS : 0.
0:19 of 1st period - Mikko Rantanen wins face-off versus Jay Beagle in neutral zone.
0:34 of 1st period - Shot by Patrick Kane.
0:34 of 1st period - Shot Misses the Net.
0:36 of 1st period - Shot by Jay Beagle.
0:36 of 1st period - Shot Misses the Net.
1:16 of 1st period - Shot by Sidney Crosby.
1:16 of 1st period - Stopped by Marc-Andre Fleury without a rebound.
1:17 of 1st period - Adam Lowry wins face-off versus J.T. Miller in DALLAS zone.
1:50 of 1st period - Alexander Edler is hit by Adam Boqvist and loses puck.
2:18 of 1st period - Minor Penalty to Alex Ovechkin for Hooking.
2:19 of 1st period - Jay Beagle wins face-off versus Travis Konecny in WINNIPEG zone.
2:32 of 1st period - Shot by Auston Matthews.
2:32 of 1st period - Deflect By Timo Meier.
2:32 of 1st period - Stopped by Connor Hellebuyck with a rebound.
2:34 of 1st period - Shot by Travis Konecny.
2:34 of 1st period - Stopped by Connor Hellebuyck without a rebound.
2:35 of 1st period - Mikko Rantanen wins face-off versus Jay Beagle in WINNIPEG zone.
2:50 of 1st period - Shot by Mikko Rantanen.
2:50 of 1st period - Shot Misses the Net.
2:52 of 1st period - Shot by Brady Skjei.
2:52 of 1st period - Shot Misses the Net.
3:02 of 1st period - Shot by Alex Tuch.
3:02 of 1st period - Shot Misses the Net.
3:04 of 1st period - Shot by Brady Skjei.
3:04 of 1st period - Shot Misses the Net.
3:06 of 1st period - Shot by Brady Skjei.
3:06 of 1st period - Deflect By Evgenii Dadonov.
3:06 of 1st period - Goal by Evgenii Dadonov - WINNIPEG : 1 - DALLAS : 1.
3:07 of 1st period - Sidney Crosby wins face-off versus Kirby Dach in neutral zone.
4:14 of 1st period - Shot by Patric Hornqvist.
4:14 of 1st period - Stopped by Marc-Andre Fleury without a rebound.
4:15 of 1st period - Auston Matthews wins face-off versus J.T. Miller in DALLAS zone.
4:39 of 1st period - Icing by Charlie McAvoy.
4:40 of 1st period - Auston Matthews wins face-off versus Sidney Crosby in DALLAS zone.
5:27 of 1st period - Shot by Kasperi Kapanen.
5:27 of 1st period - Shot Misses the Net.
5:29 of 1st period - Shot by Quinn Hughes.
5:29 of 1st period - Shot Misses the Net.
5:41 of 1st period - Shot by Mikko Rantanen.
5:41 of 1st period - Shot Misses the Net.
5:43 of 1st period - Shot by Kasperi Kapanen.
5:43 of 1st period - Stopped by Connor Hellebuyck without a rebound.
5:44 of 1st period - J.T. Miller wins face-off versus Adam Lowry in WINNIPEG zone.
5:46 of 1st period - Icing by Chris Tanev.
5:47 of 1st period - J.T. Miller wins face-off versus Adam Lowry in WINNIPEG zone.
6:07 of 1st period - Chris Tanev is hit by Nikita Zaitsev and loses puck.
7:00 of 1st period - Shot by Auston Matthews.
7:00 of 1st period - Shot Misses the Net.
7:02 of 1st period - Shot by Auston Matthews.
7:02 of 1st period - Shot Misses the Net.
7:04 of 1st period - Shot by Jakob Chychrun.
7:04 of 1st period - Shot Misses the Net.
7:06 of 1st period - Shot by Travis Konecny.
7:06 of 1st period - Stopped by Connor Hellebuyck without a rebound.
7:07 of 1st period - Mikko Rantanen wins face-off versus Jay Beagle in WINNIPEG zone.
7:10 of 1st period - Shot by Timo Meier.
7:10 of 1st period - Shot Misses the Net.
7:26 of 1st period - Shot by Jay Beagle.
7:26 of 1st period - Shot Misses the Net.
7:28 of 1st period - Shot by Oscar Fantenberg.
7:28 of 1st period - Stopped by Marc-Andre Fleury without a rebound.
7:29 of 1st period - Sidney Crosby wins face-off versus Kirby Dach in DALLAS zone.
7:31 of 1st period - Alex Ovechkin is hit by Charlie McAvoy and loses puck.
7:59 of 1st period - Sidney Crosby is hit by Charlie McAvoy and loses puck.
8:06 of 1st period - Shot by Alex Ovechkin.
8:06 of 1st period - Goal by Alex Ovechkin - WINNIPEG : 2 - DALLAS : 1.
8:07 of 1st period - Auston Matthews wins face-off versus Jay Beagle in neutral zone.
8:28 of 1st period - Shot by Patrick Kane.
8:28 of 1st period - Stopped by Marc-Andre Fleury without a rebound.
8:29 of 1st period - Mikko Rantanen wins face-off versus Sidney Crosby in DALLAS zone.
8:29 of 1st period - Mikko Rantanen is hit by Alex Ovechkin.
9:01 of 1st period - Shot by Alex Ovechkin.
9:01 of 1st period - Stopped by Marc-Andre Fleury without a rebound.
9:02 of 1st period - J.T. Miller wins face-off versus Auston Matthews in DALLAS zone.
10:07 of 1st period - Nikita Zaitsev is hit by Chris Tanev and loses puck.
10:18 of 1st period - Shot by Patrick Kane.
10:18 of 1st period - Goal by Patrick Kane - WINNIPEG : 3 - DALLAS : 1.
10:19 of 1st period - Mikko Rantanen wins face-off versus Sidney Crosby in neutral zone.
11:03 of 1st period - Icing by Alexander Edler.
11:04 of 1st period - Sidney Crosby wins face-off versus Auston Matthews in WINNIPEG zone.
11:13 of 1st period - Icing by Evgenii Dadonov.
11:14 of 1st period - Jay Beagle wins face-off versus Auston Matthews in DALLAS zone.
11:27 of 1st period - Icing by Brady Skjei.
11:28 of 1st period - J.T. Miller wins face-off versus Auston Matthews in DALLAS zone.
11:31 of 1st period - Shot by Tyler Toffoli.
11:31 of 1st period - Stopped by Marc-Andre Fleury without a rebound.
11:32 of 1st period - Adam Lowry wins face-off versus Jay Beagle in DALLAS zone.
11:32 of 1st period - Adam Lowry is hit by Patric Hornqvist.
12:52 of 1st period - Shot by Tyler Toffoli.
12:52 of 1st period - Shot Misses the Net.
12:53 of 1st period - Minor Penalty to Charlie McAvoy for Hooking.
12:54 of 1st period - Sidney Crosby wins face-off versus Adam Lowry in DALLAS zone.
13:01 of 1st period - Shot by Justin Braun.
13:01 of 1st period - Deflect By Sidney Crosby.
13:01 of 1st period - Shot Misses the Net.
13:03 of 1st period - Shot by Alexander Edler.
13:03 of 1st period - Shot Misses the Net.
13:36 of 1st period - Icing by Patrick Kane.
13:37 of 1st period - J.T. Miller wins face-off versus Auston Matthews in WINNIPEG zone.
13:42 of 1st period - Shot by Chris Tanev.
13:42 of 1st period - Shot Misses the Net.
13:44 of 1st period - Shot by Patrick Kane.
13:44 of 1st period - Stopped by Marc-Andre Fleury without a rebound.
13:45 of 1st period - Jason Spezza wins face-off versus J.T. Miller in DALLAS zone.
14:12 of 1st period - Shot by J.T. Miller.
14:12 of 1st period - Stopped by Marc-Andre Fleury without a rebound.
14:13 of 1st period - Adam Lowry wins face-off versus Alex Ovechkin in DALLAS zone.
14:13 of 1st period - Adam Lowry is hit by Alex Ovechkin.
14:23 of 1st period - Shot by Marcus Pettersson.
14:23 of 1st period - Shot Misses the Net.
14:25 of 1st period - Shot by Marcus Pettersson.
14:25 of 1st period - Stopped by Marc-Andre Fleury without a rebound.
14:26 of 1st period - Timo Meier wins face-off versus J.T. Miller in DALLAS zone.
14:35 of 1st period - Shot by Patrick Kane.
14:35 of 1st period - Shot Misses the Net.
14:51 of 1st period - Shot by Marcus Pettersson.
14:51 of 1st period - Stopped by Marc-Andre Fleury with a rebound.
15:14 of 1st period - Shot by Alex Ovechkin.
15:14 of 1st period - Deflect By Sidney Crosby.
15:14 of 1st period - Goal by Sidney Crosby - WINNIPEG : 4 - DALLAS : 1.
15:15 of 1st period - Jay Beagle wins face-off versus Kirby Dach in neutral zone.
15:29 of 1st period - Shot by Patrick Kane.
15:29 of 1st period - Shot Blocked by Kirby Dach.
15:35 of 1st period - Shot by Jay Beagle.
15:35 of 1st period - Deflect By Patrick Kane.
15:35 of 1st period - Shot Misses the Net.
15:54 of 1st period - Icing by Nikita Zaitsev.
15:55 of 1st period - Kirby Dach wins face-off versus J.T. Miller in DALLAS zone.
16:22 of 1st period - Shot by Mikko Rantanen.
16:22 of 1st period - Shot Misses the Net.
16:24 of 1st period - Shot by Brady Skjei.
16:24 of 1st period - Shot Blocked by Chris Tanev.
17:02 of 1st period - Shot by Sidney Crosby.
17:02 of 1st period - Shot Misses the Net.
17:26 of 1st period - Icing by Justin Braun.
17:27 of 1st period - Sidney Crosby wins face-off versus Adam Lowry in WINNIPEG zone.
17:57 of 1st period - Icing by Adam Lowry.
17:58 of 1st period - J.T. Miller wins face-off versus Alex Tuch in DALLAS zone.
18:01 of 1st period - Shot by J.T. Miller.
18:01 of 1st period - Stopped by Marc-Andre Fleury with a rebound.
18:25 of 1st period - Icing by Marcus Pettersson.
18:26 of 1st period - J.T. Miller wins face-off versus Auston Matthews in WINNIPEG zone.
18:34 of 1st period - Icing by Nikita Zaitsev.
18:35 of 1st period - Auston Matthews wins face-off versus Jay Beagle in DALLAS zone.
19:22 of 1st period - Nikita Zaitsev is hit by Patric Hornqvist.
Goals for this period are 4 for WINNIPEG vs 1 for DALLAS.
Shots for this period are 15 for WINNIPEG vs 5 for DALLAS.

2nd period


0:01 of 2nd period - Mikko Rantanen wins face-off versus Patric Hornqvist in neutral zone.
0:19 of 2nd period - Mikko Rantanen is hit by Marcus Pettersson and loses puck.
0:55 of 2nd period - Shot by Loui Eriksson.
0:55 of 2nd period - Stopped by Marc-Andre Fleury without a rebound.
0:56 of 2nd period - Sidney Crosby wins face-off versus Adam Lowry in DALLAS zone.
1:08 of 2nd period - Quinn Hughes is hit by Alexander Edler and loses puck.
1:13 of 2nd period - Shot by Ilya Mikheyev.
1:13 of 2nd period - Stopped by Connor Hellebuyck without a rebound.
1:14 of 2nd period - J.T. Miller wins face-off versus Auston Matthews in WINNIPEG zone.
1:33 of 2nd period - Shot by J.T. Miller.
1:33 of 2nd period - Stopped by Marc-Andre Fleury without a rebound.
1:34 of 2nd period - Sidney Crosby wins face-off versus Alex Tuch in DALLAS zone.
1:48 of 2nd period - Quinn Hughes is hit by Chris Tanev and loses puck.
2:06 of 2nd period - Sidney Crosby is hit by Brady Skjei and loses puck.
2:24 of 2nd period - Quinn Hughes is hit by J.T. Miller and loses puck.
2:29 of 2nd period - Shot by J.T. Miller.
2:29 of 2nd period - Stopped by Marc-Andre Fleury with a rebound.
2:31 of 2nd period - Shot by Alexander Edler.
2:31 of 2nd period - Stopped by Marc-Andre Fleury without a rebound.
2:32 of 2nd period - Jay Beagle wins face-off versus Mikko Rantanen in DALLAS zone.
2:32 of 2nd period - Patrick Kane is hit by Charlie McAvoy and loses puck.
2:38 of 2nd period - Off-side.
2:39 of 2nd period - Mikko Rantanen wins face-off versus J.T. Miller in neutral zone.
3:27 of 2nd period - Mikko Rantanen is hit by Marcus Pettersson.
3:39 of 2nd period - Shot by Patric Hornqvist.
3:39 of 2nd period - Deflect By Patrick Kane.
3:39 of 2nd period - Stopped by Marc-Andre Fleury without a rebound.
3:40 of 2nd period - Sidney Crosby wins face-off versus Auston Matthews in DALLAS zone.
5:47 of 2nd period - Shot by Tyler Toffoli.
5:47 of 2nd period - Shot Misses the Net.
5:49 of 2nd period - Shot by J.T. Miller.
5:49 of 2nd period - Stopped by Marc-Andre Fleury with a rebound.
5:51 of 2nd period - Shot by Loui Eriksson.
5:51 of 2nd period - Stopped by Marc-Andre Fleury without a rebound.
5:52 of 2nd period - Mikko Rantanen wins face-off versus Sidney Crosby in DALLAS zone.
6:00 of 2nd period - Quinn Hughes is hit by Sidney Crosby and loses puck.
6:05 of 2nd period - Minor Penalty to Kasperi Kapanen for Hooking.
6:06 of 2nd period - Adam Lowry wins face-off versus Sidney Crosby in DALLAS zone.
6:19 of 2nd period - Shot by Alex Ovechkin.
6:19 of 2nd period - Shot Misses the Net.
6:21 of 2nd period - Shot by Sidney Crosby.
6:21 of 2nd period - Shot Blocked by Nikita Zaitsev.
6:23 of 2nd period - Shot by Sidney Crosby.
6:23 of 2nd period - Shot Misses the Net.
6:29 of 2nd period - Shot by Alex Ovechkin.
6:29 of 2nd period - Shot Blocked by Nikita Zaitsev.
6:31 of 2nd period - Shot by Alex Ovechkin.
6:31 of 2nd period - Shot Hit the Post.
6:33 of 2nd period - Shot by Alexander Edler.
6:33 of 2nd period - Shot Misses the Net.
6:35 of 2nd period - Shot by Alexander Edler.
6:35 of 2nd period - Shot Misses the Net.
6:58 of 2nd period - Shot by Patrick Kane.
6:58 of 2nd period - Shot Misses the Net.
7:00 of 2nd period - Shot by Marcus Pettersson.
7:00 of 2nd period - Shot Misses the Net.
7:50 of 2nd period - Shot by Auston Matthews.
7:50 of 2nd period - Shot Misses the Net.
8:52 of 2nd period - Loui Eriksson is hit by Adam Lowry and loses puck.
9:37 of 2nd period - Icing by Auston Matthews.
9:38 of 2nd period - Auston Matthews wins face-off versus Sidney Crosby in DALLAS zone.
10:05 of 2nd period - Shot by Alex Ovechkin.
10:05 of 2nd period - Deflect By Sidney Crosby.
10:05 of 2nd period - Shot Misses the Net.
11:13 of 2nd period - Shot by Alex Ovechkin.
11:13 of 2nd period - Shot Misses the Net.
11:15 of 2nd period - Shot by Alex Ovechkin.
11:15 of 2nd period - Shot Misses the Net.
11:17 of 2nd period - Shot by Alex Ovechkin.
11:17 of 2nd period - Stopped by Marc-Andre Fleury without a rebound.
11:18 of 2nd period - Adam Lowry wins face-off versus Jay Beagle in DALLAS zone.
11:38 of 2nd period - Alex Tuch is hit by Jay Beagle.
11:47 of 2nd period - Minor Penalty to Adam Boqvist for Cross-checking.
11:48 of 2nd period - Adam Lowry wins face-off versus J.T. Miller in DALLAS zone.
11:48 of 2nd period - Adam Lowry is hit by J.T. Miller.
12:26 of 2nd period - Chris Tanev is hit by Lawson Crouse and loses puck.
13:04 of 2nd period - Shot by Alex Ovechkin.
13:04 of 2nd period - Shot Blocked by Nikita Zaitsev.
13:06 of 2nd period - Shot by Sidney Crosby.
13:06 of 2nd period - Shot Blocked by Nikita Zaitsev.
13:08 of 2nd period - Shot by Sidney Crosby.
13:08 of 2nd period - Goal by Sidney Crosby - WINNIPEG : 5 - DALLAS : 1.
13:09 of 2nd period - Sidney Crosby wins face-off versus Kirby Dach in neutral zone.
13:57 of 2nd period - Shot by Alex Tuch.
13:57 of 2nd period - Stopped by Connor Hellebuyck without a rebound.
13:58 of 2nd period - J.T. Miller wins face-off versus Auston Matthews in WINNIPEG zone.
14:43 of 2nd period - Shot by Patrick Kane.
14:43 of 2nd period - Shot Misses the Net.
14:45 of 2nd period - Shot by Patrick Kane.
14:45 of 2nd period - Shot Misses the Net.
14:47 of 2nd period - Shot by Patric Hornqvist.
14:47 of 2nd period - Shot Misses the Net.
14:49 of 2nd period - Shot by Patrick Kane.
14:49 of 2nd period - Shot Misses the Net.
14:51 of 2nd period - Shot by Jay Beagle.
14:51 of 2nd period - Shot Misses the Net.
17:17 of 2nd period - Shot by Patrick Kane.
17:17 of 2nd period - Stopped by Marc-Andre Fleury without a rebound.
17:18 of 2nd period - Jay Beagle wins face-off versus Auston Matthews in DALLAS zone.
17:21 of 2nd period - Shot by Patrick Kane.
17:21 of 2nd period - Goal by Patrick Kane - WINNIPEG : 6 - DALLAS : 1.
17:22 of 2nd period - Auston Matthews wins face-off versus Sidney Crosby in neutral zone.
17:35 of 2nd period - Shot by Travis Konecny.
17:35 of 2nd period - Shot Misses the Net.
17:38 of 2nd period - Icing by Alexander Edler.
17:39 of 2nd period - Lawson Crouse wins face-off versus Sidney Crosby in WINNIPEG zone.
19:37 of 2nd period - Shot by J.T. Miller.
19:37 of 2nd period - Shot Misses the Net.
19:39 of 2nd period - Shot by Loui Eriksson.
19:39 of 2nd period - Stopped by Marc-Andre Fleury without a rebound.
19:40 of 2nd period - Sidney Crosby wins face-off versus Auston Matthews in DALLAS zone.
19:43 of 2nd period - Shot by Alex Ovechkin.
19:43 of 2nd period - Stopped by Marc-Andre Fleury with a rebound.
19:49 of 2nd period - Shot by Alex Ovechkin.
19:49 of 2nd period - Shot Blocked by Jakob Chychrun.
19:57 of 2nd period - Shot by Sidney Crosby.
19:57 of 2nd period - Shot Blocked by Charlie McAvoy.
19:59 of 2nd period - Shot by Alexander Edler.
19:59 of 2nd period - Shot Misses the Net.
Goals for this period are 2 for WINNIPEG vs 0 for DALLAS.
Shots for this period are 13 for WINNIPEG vs 2 for DALLAS.

3rd period


0:01 of 3rd period - Auston Matthews wins face-off versus J.T. Miller in neutral zone.
0:17 of 3rd period - Off-side.
0:18 of 3rd period - Mikko Rantanen wins face-off versus Sidney Crosby in neutral zone.
0:21 of 3rd period - Shot by Kasperi Kapanen.
0:21 of 3rd period - Stopped by Connor Hellebuyck without a rebound.
0:22 of 3rd period - Sidney Crosby wins face-off versus Auston Matthews in WINNIPEG zone.
0:31 of 3rd period - Shot by Alex Ovechkin.
0:31 of 3rd period - Shot Misses the Net.
1:25 of 3rd period - Shot by J.T. Miller.
1:25 of 3rd period - Stopped by Marc-Andre Fleury without a rebound.
1:26 of 3rd period - Adam Lowry wins face-off versus Patric Hornqvist in DALLAS zone.
2:35 of 3rd period - Kasperi Kapanen is hit by Loui Eriksson and loses puck.
2:54 of 3rd period - Shot by Loui Eriksson.
2:54 of 3rd period - Shot Misses the Net.
2:56 of 3rd period - Shot by Gustav Forsling.
2:56 of 3rd period - Stopped by Marc-Andre Fleury without a rebound.
2:57 of 3rd period - Sidney Crosby wins face-off versus Auston Matthews in DALLAS zone.
3:39 of 3rd period - Shot by Travis Konecny.
3:39 of 3rd period - Shot Misses the Net.
4:26 of 3rd period - Ilya Mikheyev is hit by Alexander Edler and loses puck.
4:55 of 3rd period - Shot by Mikko Rantanen.
4:55 of 3rd period - Shot Misses the Net.
5:16 of 3rd period - Shot by Patric Hornqvist.
5:16 of 3rd period - Shot Misses the Net.
5:25 of 3rd period - Patric Hornqvist is hit by Nikita Zaitsev and loses puck.
5:43 of 3rd period - Shot by Alex Ovechkin.
5:43 of 3rd period - Stopped by Marc-Andre Fleury without a rebound.
5:44 of 3rd period - Alex Ovechkin wins face-off versus Kirby Dach in DALLAS zone.
5:51 of 3rd period - Alex Ovechkin is hit by Lawson Crouse and loses puck.
6:22 of 3rd period - Shot by Lawson Crouse.
6:22 of 3rd period - Stopped by Connor Hellebuyck without a rebound.
6:23 of 3rd period - Jay Beagle wins face-off versus Auston Matthews in WINNIPEG zone.
7:53 of 3rd period - Icing by Jakob Chychrun.
7:54 of 3rd period - Sidney Crosby wins face-off versus Adam Lowry in DALLAS zone.
8:19 of 3rd period - Shot by Alex Ovechkin.
8:19 of 3rd period - Goal by Alex Ovechkin - WINNIPEG : 7 - DALLAS : 1.
8:20 of 3rd period - Jay Beagle wins face-off versus Kirby Dach in neutral zone.
8:22 of 3rd period - Justin Braun is hit by Quinn Hughes.
8:29 of 3rd period - Icing by Quinn Hughes.
8:30 of 3rd period - Kirby Dach wins face-off versus Sidney Crosby in DALLAS zone.
8:36 of 3rd period - Shot by Lawson Crouse.
8:36 of 3rd period - Deflect By Kirby Dach.
8:36 of 3rd period - Shot Blocked by Alexander Edler.
9:02 of 3rd period - Shot by Lawson Crouse.
9:02 of 3rd period - Shot Blocked by Alexander Edler.
9:04 of 3rd period - Shot by Kirby Dach.
9:04 of 3rd period - Shot Misses the Net.
9:06 of 3rd period - Shot by Brady Skjei.
9:06 of 3rd period - Deflect By Lawson Crouse.
9:06 of 3rd period - Shot Blocked by Alexander Edler.
9:28 of 3rd period - Shot by Travis Konecny.
9:28 of 3rd period - Shot Blocked by Chris Tanev.
9:34 of 3rd period - Shot by Auston Matthews.
9:34 of 3rd period - Stopped by Connor Hellebuyck with a rebound.
10:21 of 3rd period - Nikita Zaitsev is hit by J.T. Miller and loses puck.
11:22 of 3rd period - Icing by Marcus Pettersson.
11:23 of 3rd period - J.T. Miller wins face-off versus Auston Matthews in WINNIPEG zone.
12:55 of 3rd period - Minor Penalty to Antoine Roussel for Roughing.
12:56 of 3rd period - Jay Beagle wins face-off versus Mikko Rantanen in WINNIPEG zone.
13:11 of 3rd period - Shot by Alex Tuch.
13:11 of 3rd period - Shot Blocked by Justin Braun.
13:13 of 3rd period - Shot by Jason Spezza.
13:13 of 3rd period - Shot Misses the Net.
13:15 of 3rd period - Shot by Jakob Chychrun.
13:15 of 3rd period - Stopped by Connor Hellebuyck with a rebound.
13:57 of 3rd period - Shot by Charlie McAvoy.
13:57 of 3rd period - Shot Misses the Net.
14:27 of 3rd period - Shot by Evgenii Dadonov.
14:27 of 3rd period - Shot Misses the Net.
14:29 of 3rd period - Shot by Alex Tuch.
14:29 of 3rd period - Shot Blocked by Justin Braun.
14:31 of 3rd period - Shot by Evgenii Dadonov.
14:31 of 3rd period - Stopped by Connor Hellebuyck without a rebound.
14:32 of 3rd period - Auston Matthews wins face-off versus Sidney Crosby in WINNIPEG zone.
14:43 of 3rd period - Shot by Timo Meier.
14:43 of 3rd period - Shot Misses the Net.
14:51 of 3rd period - Shot by Auston Matthews.
14:51 of 3rd period - Shot Misses the Net.
14:53 of 3rd period - Shot by Auston Matthews.
14:53 of 3rd period - Deflect By Timo Meier.
14:53 of 3rd period - Shot Blocked by Chris Tanev.
14:55 of 3rd period - Shot by Auston Matthews.
14:55 of 3rd period - Shot Blocked by Alex Biega.
15:15 of 3rd period - Icing by Patric Hornqvist.
15:16 of 3rd period - Patric Hornqvist wins face-off versus Kirby Dach in WINNIPEG zone.
15:22 of 3rd period - Off-side.
15:23 of 3rd period - Jay Beagle wins face-off versus Kirby Dach in neutral zone.
15:28 of 3rd period - Shot by Justin Braun.
15:28 of 3rd period - Stopped by Marc-Andre Fleury without a rebound.
15:29 of 3rd period - Mikko Rantanen wins face-off versus J.T. Miller in DALLAS zone.
15:50 of 3rd period - Shot by Mikko Rantanen.
15:50 of 3rd period - Stopped by Connor Hellebuyck without a rebound.
15:51 of 3rd period - Jay Beagle wins face-off versus Auston Matthews in WINNIPEG zone.
15:51 of 3rd period - Jay Beagle is hit by Travis Konecny.
16:03 of 3rd period - Shot by Patrick Kane.
16:03 of 3rd period - Stopped by Marc-Andre Fleury without a rebound.
16:04 of 3rd period - Adam Lowry wins face-off versus Sidney Crosby in DALLAS zone.
16:19 of 3rd period - Ilya Mikheyev is hit by Marcus Pettersson and loses puck.
16:36 of 3rd period - Shot by Ilya Mikheyev.
16:36 of 3rd period - Stopped by Connor Hellebuyck with a rebound.
16:38 of 3rd period - Shot by Alex Tuch.
16:38 of 3rd period - Shot Misses the Net.
16:40 of 3rd period - Shot by Ilya Mikheyev.
16:40 of 3rd period - Shot Misses the Net.
17:27 of 3rd period - Shot by Evgenii Dadonov.
17:27 of 3rd period - Shot Misses the Net.
18:27 of 3rd period - Shot by Lawson Crouse.
18:27 of 3rd period - Shot Misses the Net.
18:33 of 3rd period - Shot by Kirby Dach.
18:33 of 3rd period - Shot Misses the Net.
18:35 of 3rd period - Shot by Lawson Crouse.
18:35 of 3rd period - Shot Misses the Net.
18:37 of 3rd period - Shot by Quinn Hughes.
18:37 of 3rd period - Shot Blocked by Oscar Fantenberg.
18:56 of 3rd period - Jason Spezza is hit by Justin Braun and loses puck.
19:38 of 3rd period - Shot by Ilya Mikheyev.
19:38 of 3rd period - Stopped by Connor Hellebuyck without a rebound.
19:39 of 3rd period - Auston Matthews wins face-off versus Patrick Kane in WINNIPEG zone.
19:46 of 3rd period - Shot by Patrick Kane.
19:46 of 3rd period - Shot Misses the Net.
Goals for this period are 1 for WINNIPEG vs 0 for DALLAS.
Shots for this period are 6 for WINNIPEG vs 8 for DALLAS.